 Dungeon Crawl Stone Soup version 0.28-a0-1582-ge87ddf7 (webtiles) character file.

Game seed: 6230362334021887863

35 Illumine the Chopper (level 3, 0/31 HPs)
             Began as a Palentonga Berserker on Jan 20, 2022.
             Was a Follower of Trog.
             Slain by an adder (3 damage)
             ... on level 2 of the Dungeon.
             The game lasted 00:00:49 (1289 turns).

Illumine the Chopper (Palentonga Berserker)         Turns: 1289, Time: 00:00:50

Health: 0/31       AC:  4    Str: 22    XL:     3   Next: 16%
Magic:  3/3        EV:  9    Int:  7    God:    Trog [*.....]
Gold:   41         SH:  0    Dex:  9    Spells: 2/2 levels left

rFire   + . .      SeeInvis +   a - +0 hand axe
rCold   . . .      Faith    .   (no shield)
rNeg    . . .      Spirit   .   b - +0 animal skin
rPois   .          Reflect  .   (no helmet)
rElec   .          Harm     .   (no cloak)
rCorr   .          Rampage  .   (no gloves)
Will    .....                   (no barding)
Stlth   +.........              (no amulet)
HPRegen 0.10/turn               h - ring of protection from fire
MPRegen 0.08/turn               (no ring)

@: lethally poisoned (0 -> -7), flying
A: large, rugged brown scales 3, see invisible, deformed body, roll 1, armoured
tail
a: Rolling Charge, Renounce Religion, Berserk


You were on level 2 of the Dungeon.
You worshipped Trog.
Trog was aware of your devotion.
You visited 1 branch of the dungeon, and saw 2 of its levels.

You collected 41 gold pieces.

Inventory:

Hand Weapons
 a - a +0 hand axe (weapon)
Armour
 b - a +0 animal skin (worn)
Jewellery
 h - a ring of protection from fire (left hand)
Scrolls
 c - a scroll of amnesia {unknown}
 f - a scroll of identify {unknown}
Potions
 e - a potion of might {unknown}
 g - a potion of curing {unknown}


   Skills:
 + Level 3.4 Fighting
 * Level 3.9 Axes
 - Level 1.5 Armour
 - Level 1.5 Dodging


You had 2 spell levels left.
You didn't know any spells.
Your spell library was empty.

Dungeon Overview and Level Annotations

Branches:
Dungeon (2/15)

Altars:


Innate Abilities, Weirdness & Mutations

You are completely covered in rugged brown scales. (AC +3, +7% HP)
You have supernaturally acute eyesight. (SInv)
Armour fits poorly on your strangely shaped body.
You can roll at nearby foes to attack.
You have a long armoured tail.


Message History

You hit the adder. Your punch misses the adder.
The adder is heavily wounded.
The adder barely misses you.
You closely miss the adder.
The adder is heavily wounded.
The adder bites you. x2
An adder is nearby!
You hit the adder.
Your tail-slap misses the adder.
The adder is heavily wounded.
The adder bites you but does no damage.
You closely miss the adder.
The adder is heavily wounded.
The adder bites you. x2
You are poisoned.
The adder poisons you!
You closely miss the adder.
The adder is heavily wounded.
You feel sick. The adder bites you.
You closely miss the adder.
The adder is heavily wounded.
You feel sick. The adder bites you.
You are more poisoned.
The adder poisons you! The adder barely misses you.
You are too injured to fight recklessly!
You hit the adder but do no damage.
The adder is heavily wounded.
You feel sick. The adder bites you.
* * * LOW HITPOINT WARNING * * *
You are lethally poisoned!
The adder poisons you!
You closely miss the adder.
The adder is heavily wounded.
* * * LOW HITPOINT WARNING * * *
You feel sick. The adder closely misses you.
It was a potion of flight.
You feel very buoyant.
You fly up into the air.
* * * LOW HITPOINT WARNING * * *
You feel sick. The adder completely misses you. The adder bites you.
You die...

#.............#
#..####.########
#..# #.........
#..# ##########
########..#
........[.#
#########.#
.....####.#
#..S@..#
########


You could see an adder.

Vanquished Creatures
  A dart slug (D:1)
  An endoplasm (D:1)
  A giant cockroach (D:2)
  4 goblins
  7 hobgoblins
  3 jackals (D:1)
  2 quokkas (D:1)
  3 ball pythons
  A frilled lizard (D:1)
  2 kobolds (D:1)
  2 rats
27 creatures vanquished.

Notes
Turn   | Place    | Note
-------+----------+-------------------------------------------
     0 | D:1      | Illumine the Palentonga Berserker began the quest for the
                  | Orb.
     0 | D:1      | Reached XP level 1. HP: 19/19 MP: 1/1
   328 | D:1      | Reached XP level 2. HP: 25/25 MP: 2/2
  1142 | D:2      | Reached XP level 3. HP: 31/31 MP: 3/3
  1289 | D:2      | Slain by an adder

Illustrated notes

Levels and vault maps discovered:
D:1:      ebering_trefoil_twist, layout_basic
D:2:      cheibrodos_greedy_goblins, layout_loops_ring,
          ebering_ecumenical_altar_box, minmay_statues_item

Action                   || total
-------------------------++-------
Melee: Hand axe          ||    80
       Tailslap          ||     4
       Punch             ||     2
  Use: Potion            ||     1
 Stab: Sleeping          ||     1
Armor: Animal skin       ||    22
Dodge: Dodged            ||    55

Table legend: (Time is in decaauts)
 A = Elapsed time spent in this place.
 B = Non-inter-level travel time spent in this place.
 C = Inter-level travel time spent in this place.
 D = Time resting spent in this place.
 E = Time spent auto-exploring this place.
 F = Levels seen in this place.
 G = Mean time per level.
                   A        B        C        D        E       F      G
               +--------+--------+--------+--------+--------+-----+--------+
         Total |   1297 |   1209 |     88 |    114 |    902 |   2 |  648.5 |
       Dungeon |   1297 |   1209 |     88 |    114 |    902 |   2 |  648.5 |
               +--------+--------+--------+--------+--------+-----+--------+

Top non-repeatable levels by time:
     D:1: 1137 daAuts
     D:2: 159 daAuts
